 Dungeon Crawl Stone Soup version bcrawl-1.27.3 (webtiles) character file.

Game seed: 7385816069980202725

224333 Freyura the Shield-Bearer (level 6, -1/53 HPs)
             Began as a Gnoll Fighter on July 31, 2020.
             Slain by an orc warrior
             ... wielding a +0 hand axe of freezing
              (8 damage)
             ... on level 4 of the Dungeon.
             The game lasted 00:06:08 (1908 turns).

Freyura the Shield-Bearer (Gnoll Fighter)           Turns: 1908, Time: 00:06:08

Health: -1/53      AC:  9    Str: 18    XL:     6   Next: 19%
Magic:  8/8        EV:  7    Int: 10    God:
Gold:   158        SH: 11    Dex: 17    Spells: 8/8 levels left

rFire    . . .     SeeInvis .   a - +1 war axe
rCold    . . .     Gourm    .   c - +0 medium shield
rNeg     . . .     Faith    .   b - +0 scale mail
rPois    .         Spirit   .   d - +0 helmet
rElec    .         Reflect  .   (no cloak)
rCorr    .         Harm     .   (no gloves)
MR       .....                  (no boots)
Stlth    +.........             (no amulet)
HPRegen  0.17/turn              (no ring)
MPRegen  0.11/turn              (no ring)

@: no status effects
A: distributed training, fangs 1, strong nose
a: no special abilities


You were on level 4 of the Dungeon.
You were not hungry.

You visited 1 branch of the dungeon, and saw 4 of its levels.

You collected 158 gold pieces.

Inventory:

Hand Weapons
 a - a +1 war axe (weapon)
Armour
 b - a +0 scale mail (worn)
 c - a +0 medium shield (worn)
 d - a +0 helmet (worn)
Wands
 l - a wand of flame (21)
Scrolls
 f - 3 scrolls of remove curse
 g - a scroll of blinking
Potions
 h - 3 potions of heal wounds {unknown}
 i - a potion of mutation {unknown}
 j - 2 potions of lignification {unknown}
Comestibles
 e - 8 rations {!d}
 k - 2 chunks of flesh


   Skills:
 + Level 6.8 Fighting
 + Level 1.8 Short Blades
 + Level 1.8 Long Blades
 + Level 4.9 Axes
 + Level 1.8 Maces & Flails
 + Level 1.8 Polearms
 + Level 1.8 Staves
 + Level 1.8 Slings
 + Level 1.8 Bows
 + Level 1.8 Crossbows
 + Level 1.8 Throwing
 + Level 6.8 Armour
 + Level 1.8 Dodging
 + Level 1.8 Stealth
 + Level 6.8 Shields
 + Level 1.8 Unarmed Combat
 + Level 1.8 Spellcasting
 + Level 1.4 Conjurations
 + Level 1.4 Hexes
 + Level 1.4 Charms
 + Level 1.4 Summonings
 + Level 1.4 Necromancy
 + Level 1.4 Translocations
 + Level 1.4 Transmutations
 + Level 1.4 Fire Magic
 + Level 1.4 Ice Magic
 + Level 1.4 Air Magic
 + Level 1.4 Earth Magic
 + Level 1.4 Poison Magic
 + Level 2.0 Invocations
 + Level 1.8 Evocations


You had 8 spell levels left.
You didn't know any spells.
Your spell library was empty.

Dungeon Overview and Level Annotations

Branches:
Dungeon (4/12)
 Temple: D:4-7

Altars:
Kikubaaqudgha
Vehumet

Shops:
D:4 %

Annotations:
D:3 2 transporters, Freyura's ghost, weakling DsGl


Innate Abilities, Weirdness & Mutations

Your experience applies equally to all skills.
You have very sharp teeth.
Your uncanny sense of smell can sniff out nearby items.


Message History

You hit the orc warrior.
The orc warrior is heavily wounded.
The orc warrior hits you with a +0 hand axe of freezing!
The orc warrior freezes you.
You are too injured to fight recklessly!
You are too injured to fight recklessly!
You are too injured to fight recklessly!
You hit the orc warrior but do no damage.
The orc warrior is heavily wounded.
The orc warrior hits you with a +0 hand axe of freezing!
The orc warrior freezes you.
The orc warrior hits you with a +0 hand axe of freezing!
* * * LOW HITPOINT WARNING * * *
The orc warrior freezes you.
* * * LOW HITPOINT WARNING * * *
You closely miss the orc warrior.
You bite the orc warrior, but do no damage.
The orc warrior is heavily wounded.
The orc warrior hits you with a +0 hand axe of freezing!
You die...

################
##
#.)............#
#.
...............#
#.
......o@.......#
######.
..########.....#
#...... #.....#
#......
#.....###......
#.......'......
####+####......
#....'......
######......
#......


You could see an orc warrior.

Vanquished Creatures
  A crimson imp (D:4)
  An orc wizard (D:3)
  A worker ant (D:4)
  Robin (D:2)
  4 adders
  2 oozes (D:3)
  2 worms
  8 dart slugs
  3 leopard geckos (D:1)
  6 orcs
  12 goblins
  13 hobgoblins
  7 jackals (D:2)
  13 kobolds
  6 quokkas
  A ball python (D:4)
  4 bats (D:2)
  6 frilled lizards
  2 rats
93 creatures vanquished.

Notes
Turn   | Place    | Note
-------+----------+-------------------------------------------
     0 | D:1      | Freyura the Gnoll Fighter began the quest for the Orb.
     0 | D:1      | Reached XP level 1. HP: 23/23 MP: 1/1
   163 | D:1      | Reached XP level 2. HP: 29/29 MP: 2/2
   422 | D:2      | Noticed Robin
   424 | D:2      | Reached XP level 3. HP: 35/35 MP: 3/3
   434 | D:2      | Killed Robin
   434 | D:2      | Reached skill level 1 in Invocations
   441 | D:2      | Reached skill level 1 in Short Blades
   441 | D:2      | Reached skill level 1 in Long Blades
   441 | D:2      | Reached skill level 1 in Maces & Flails
   441 | D:2      | Reached skill level 1 in Polearms
   441 | D:2      | Reached skill level 1 in Staves
   441 | D:2      | Reached skill level 1 in Slings
   441 | D:2      | Reached skill level 1 in Bows
   441 | D:2      | Reached skill level 1 in Crossbows
   441 | D:2      | Reached skill level 1 in Throwing
   441 | D:2      | Reached skill level 1 in Dodging
   441 | D:2      | Reached skill level 1 in Stealth
   441 | D:2      | Reached skill level 1 in Unarmed Combat
   441 | D:2      | Reached skill level 1 in Spellcasting
   441 | D:2      | Reached skill level 1 in Evocations
   449 | D:2      | Reached XP level 4. HP: 25/41 MP: 5/5
   838 | D:2      | Reached skill level 1 in Conjurations
   838 | D:2      | Reached skill level 1 in Hexes
   838 | D:2      | Reached skill level 1 in Charms
   838 | D:2      | Reached skill level 1 in Summonings
   838 | D:2      | Reached skill level 1 in Necromancy
   838 | D:2      | Reached skill level 1 in Translocations
   838 | D:2      | Reached skill level 1 in Transmutations
   838 | D:2      | Reached skill level 1 in Fire Magic
   838 | D:2      | Reached skill level 1 in Ice Magic
   838 | D:2      | Reached skill level 1 in Air Magic
   838 | D:2      | Reached skill level 1 in Earth Magic
   838 | D:2      | Reached skill level 1 in Poison Magic
   880 | D:2      | Found an ancient bone altar of Kikubaaqudgha.
   887 | D:2      | Found a radiant altar of Vehumet.
  1237 | D:3      | Reached XP level 5. HP: 43/47 MP: 6/6
  1575 | D:3      | Found a transporter.
  1577 | D:3      | Noticed Freyura's ghost (weakling DsGl)
  1578 | D:3      | Found a transporter.
  1578 | D:3      | Noticed an ogre
  1579 | D:3      | Noticed an ogre
  1581 | D:3      | Noticed an ogre
  1779 | D:4      | Reached XP level 6. HP: 53/53 MP: 8/8
  1848 | D:4      | Found Mauk's Food Shop.
  1894 | D:4      | Noticed an orc warrior
  1908 | D:4      | Slain by an orc warrior

Skill      XL: |  1  2  3  4  5  6 |
---------------+-------------------+-----
Invocations    | 1 2 |  2.0
Short Blades   | 1 |  1.8
Long Blades    | 1 |  1.8
Maces & Flails | 1 |  1.8
Polearms       | 1 |  1.8
Staves         | 1 |  1.8
Slings         | 1 |  1.8
Bows           | 1 |  1.8
Crossbows      | 1 |  1.8
Throwing       | 1 |  1.8
Dodging        | 1 |  1.8
Stealth        | 1 |  1.8
Unarmed Combat | 1 |  1.8
Spellcasting   | 1 |  1.8
Evocations     | 1 |  1.8
Conjurations   | 1 |  1.4
Hexes          | 1 |  1.4
Charms         | 1 |  1.4
Summonings     | 1 |  1.4
Necromancy     | 1 |  1.4
Translocations | 1 |  1.4
Transmutations | 1 |  1.4
Fire Magic     | 1 |  1.4
Ice Magic      | 1 |  1.4
Air Magic      | 1 |  1.4
Earth Magic    | 1 |  1.4
Poison Magic   | 1 |  1.4
Fighting       | |  6.8
Axes           | |  4.9
Armour         | |  6.8
Shields        | |  6.8

Action                   |  1- 3 |  4- 6 || total
-------------------------+-------+-------++-------
Melee: War axe           |    68 |   154 ||   222
       Bite              |     4 |    18 ||    22
  Use: Potion            |     1 |       ||     1
       Scroll            |       |     5 ||     5
  Eat: Chunk             |       |    11 ||    11
Armor: Scale mail        |    17 |    60 ||    77
Dodge: Dodged            |    10 |    43 ||    53
Block: Medium shield     |    29 |   111 ||   140
